AoeStats
← MatzeAoE

Marketplace

506192321Analyzed
1v1 RM · 19d ago on Sep 12, 2026· 28m 50s· 2 players
Game mode
Random Map
Map size
Tiny (2 player)
Population
200
Speed
Normal
Resources
Standard
Victory
Conquest
Starting age
Dark Age
Ending age
Imperial Age
RankedLock teamsTeams togetherTeam positionsShared explorationLock speedFull tech treeHidden civsTurbo modeCheats
Victory
Defeat
🇩🇪 Vietnamese · Germany
1945
+24
🇩🇪 Byzantines · Germany
2149
-24
_Riley_
6:02 Loom
9:36 Feudal Age
9:40 Man-at-Arms
15:13 Fletching
16:33 Double-Bit Axe
24:52 Castle Age
24:04 Bloodlines
23:56 Horse Collar
24:34 Scale Barding Armor
25:59 Chain Barding Armor
27:29 Husbandry
MatzeAoE
6:36 Loom
10:27 Feudal Age
10:32 Man-at-Arms
11:56 Horse Collar
15:11 Fletching
18:50 Padded Archer Armor
21:06 Wheelbarrow
27:16 Castle Age
28:03 Scale Barding Armor
28:25 Bodkin Arrow
Connection lost

Rejoining the realm…

Still unreachable

The connection could not be restored.

Session expired

The server has moved on; the page needs a fresh start.